3AAA
TORTOLITA DRUMMERS @ INDIANAPOLIS RACERS
07/11/2037
 
TOP OF THE 1ST
Tortolita Drummers batting - Pitching for Indianapolis Racers : RHP José Macías
Pitching: RHP José Macías
Batting: RHB Scotty Glenn 0-0: Foul Ball, location: 2F
0-1: Fly out, F7 (Flyball, 7LM, EV 85.0 MPH)
Batting: SHB Roberto Mosca 0-0: Called Strike
0-1: Fly out, F8 (Flyball, 89M, EV 90.6 MPH)
Batting: LHB Preston Witt 0-0: Ball
1-0: Ball
2-0: Called Strike
2-1: Ball
3-1: Base on Balls
Batting: RHB Armando Chamú 0-0: Foul Ball, location: 2F
0-1: Ball
1-1: Ball
2-1: SINGLE (Line Drive, 78S, EV 87.5 MPH)
Preston Witt to second
Batting: RHB Ken Moore 0-0: Called Strike
0-1: Foul Ball, location: 2F
0-2: Ground out 6-3 (Groundball, 6S, EV 91.9 MPH)
Top of the 1st over - 0 runs, 1 hit, 0 errors, 2 left on base; Tortolita 0 - Indianapolis 0
BOTTOM OF THE 1ST
Indianapolis Racers batting - Pitching for Tortolita Drummers : RHP Kabeya Kasongo
Pitching: RHP Kabeya Kasongo
Batting: SHB Esteban Piñeiro 0-0: Ball
1-0: Ball
2-0: Fly out, F7 (Flyball, 7S, EV 88.8 MPH)
Batting: RHB Carlos Rojas 0-0: Called Strike
0-1: Foul Ball, location: 2F
0-2: Ball
1-2: Foul Ball, location: 2F
1-2: Strikes out swinging, 2-3 out at first.
Batting: RHB Richard Trevithick 0-0: Fly out, F8 (Flyball, 8RXD, EV 110.0 MPH)
Bottom of the 1st over - 0 runs, 0 hits, 0 errors, 0 left on base; Tortolita 0 - Indianapolis 0
TOP OF THE 2ND
Tortolita Drummers batting - Pitching for Indianapolis Racers : RHP José Macías
Batting: RHB Tomás Costello 0-0: Ball
1-0: Foul Ball, location: 2F
1-1: Ball
2-1: Swinging Strike
2-2: Ball
3-2: Base on Balls
Batting: RHB Tso-i Wang 0-0: Ball
1-0: Ball
2-0: Fly out, F8 (Line Drive, 8RM, EV 95.0 MPH)
Batting: RHB Qwuntrezz Knight 0-0: Called Strike
0-1: Ball
1-1: Ball
2-1: Fly out, F7 (Flyball, 78S, EV 97.5 MPH)
Batting: RHB Askari bin Idris 0-0: Ball
Wild Pitch!
Tomás Costello to second
1-0: Foul Ball, location: 2F
1-1: Called Strike
1-2: Fly out, F6 (Line Drive, 6, EV 66.2 MPH)
Top of the 2nd over - 0 runs, 0 hits, 0 errors, 1 left on base; Tortolita 0 - Indianapolis 0
BOTTOM OF THE 2ND
Indianapolis Racers batting - Pitching for Tortolita Drummers : RHP Kabeya Kasongo
Batting: LHB Lauren Hilfiker 0-0: Ball
1-0: Foul Ball, location: 2F
1-1: Foul Ball, location: 2F
1-2: Foul Ball, location: 2F
1-2: Ball
2-2: Fly out, F6 (Line Drive, 6, EV 63.8 MPH)
Batting: RHB Spartak Gonjarov 0-0: Ball
1-0: Foul Ball, location: 2F
1-1: Foul Ball, location: 2F
1-2: Foul Ball, location: 2F
1-2: Ball
2-2: Ball
3-2: SINGLE (Groundball, 6MD, EV 108.1 MPH)
Batting: LHB Luis Aranda 0-0: Called Strike
Spartak Gonjarov steals 2nd base
0-1: Ball
Spartak Gonjarov steals 3rd base
1-1: Fly out, F5 (Popup, 5F, EV 57.5 MPH)
Batting: RHB Juan Laguna 0-0: Called Strike
0-1: Ball
1-1: SINGLE (Line Drive, 5D, EV 102.5 MPH)
Spartak Gonjarov scores
Batting: RHB Germán Gracía 0-0: Ball
Juan Laguna is caught stealing 2nd base 2-4
Bottom of the 2nd over - 1 run, 2 hits, 0 errors, 0 left on base; Tortolita 0 - Indianapolis 1
TOP OF THE 3RD
Tortolita Drummers batting - Pitching for Indianapolis Racers : RHP José Macías
Batting: RHB Scotty Glenn 0-0: Ground out 6-3 (Groundball, 6M, EV 103.1 MPH)
Batting: SHB Roberto Mosca 0-0: Foul Ball, location: 2F
0-1: Swinging Strike
0-2: Foul Ball, location: 2F
0-2: Ball
1-2: Foul Ball, location: 2F
1-2: Fly out, F8 (Flyball, 8LD, EV 105.0 MPH)
Batting: LHB Preston Witt 0-0: Called Strike
0-1: Fly out, F5 (Popup, 5SF, EV 85.6 MPH)
Top of the 3rd over - 0 runs, 0 hits, 0 errors, 0 left on base; Tortolita 0 - Indianapolis 1
BOTTOM OF THE 3RD
Indianapolis Racers batting - Pitching for Tortolita Drummers : RHP Kabeya Kasongo
Batting: RHB Germán Gracía 0-0: Foul Ball, location: 2F
0-1: Called Strike
0-2: Ball
1-2: Ball
2-2: Foul Ball, location: 2F
2-2: Ball
3-2: Strikes out swinging
Batting: RHB Javier Carretero 0-0: Ball
1-0: Ball
2-0: Ball
3-0: Base on Balls
Batting: SHB Esteban Piñeiro 0-0: Ball
1-0: Ground out U3 (Groundball, 34S, EV 85.6 MPH)
Javier Carretero to second
Batting: RHB Carlos Rojas 0-0: Ball
1-0: Foul Ball, location: 2F
1-1: Foul Ball, location: 2F
1-2: Foul Ball, location: 2F
1-2: Ball
2-2: Strikes out swinging
Bottom of the 3rd over - 0 runs, 0 hits, 0 errors, 1 left on base; Tortolita 0 - Indianapolis 1
TOP OF THE 4TH
Tortolita Drummers batting - Pitching for Indianapolis Racers : RHP José Macías
Batting: RHB Armando Chamú 0-0: Ball
1-0: Ball
2-0: Ball
3-0: Called Strike
3-1: Ground out 1-3 (Groundball, 13S, EV 68.1 MPH)
Batting: RHB Ken Moore 0-0: Ball
1-0: Ball
2-0: Ball
3-0: Called Strike
3-1: Foul Ball, location: 2F
3-2: Foul Ball, location: 2F
3-2: Foul Ball, location: 2F
3-2: Base on Balls
Batting: RHB Tomás Costello 0-0: Ball
Ken Moore is caught stealing 2nd base 2-4
1-0: Ball
2-0: Called Strike
2-1: Called Strike
2-2: Foul Ball, location: 2F
2-2: Ball
3-2: Base on Balls
Batting: RHB Tso-i Wang 0-0: Fielders Choice at 2nd, 5-4 (Groundball, 56, EV 81.2 MPH)
Top of the 4th over - 0 runs, 0 hits, 0 errors, 1 left on base; Tortolita 0 - Indianapolis 1
BOTTOM OF THE 4TH
Indianapolis Racers batting - Pitching for Tortolita Drummers : RHP Kabeya Kasongo
Batting: RHB Richard Trevithick 0-0: Ball
1-0: Ball
2-0: Foul Ball, location: 2F
2-1: Foul Ball, location: 2F
2-2: Ball
3-2: Foul Ball, location: 2F
3-2: SINGLE (Line Drive, 8RS, EV 86.2 MPH)
Batting: LHB Lauren Hilfiker 0-0: Ball
1-0: SINGLE (Line Drive, 7S, EV 99.4 MPH)
Richard Trevithick to second
Batting: RHB Spartak Gonjarov 0-0: Called Strike
0-1: Ball
1-1: Foul Ball, location: 2F
1-2: Strikes out swinging
Batting: LHB Luis Aranda 0-0: Ball
1-0: Swinging Strike
1-1: Called Strike
1-2: Foul Ball, location: 2F
1-2: Grounds into double play, 4-6-3 (Groundball, 4, EV 89.4 MPH)
Bottom of the 4th over - 0 runs, 2 hits, 0 errors, 1 left on base; Tortolita 0 - Indianapolis 1
TOP OF THE 5TH
Tortolita Drummers batting - Pitching for Indianapolis Racers : RHP José Macías
Batting: RHB Qwuntrezz Knight 0-0: Called Strike
0-1: Foul Ball, location: 2F
0-2: Strikes out swinging
Batting: RHB Askari bin Idris 0-0: Foul Ball, location: 2F
0-1: Called Strike
0-2: Foul Ball, location: 2F
0-2: Ball
1-2: Foul Ball, location: 2F
1-2: Foul Ball, location: 2F
1-2: Ball
2-2: SINGLE (Line Drive, 8LS, EV 106.9 MPH)
Batting: RHB Scotty Glenn 0-0: Ball
1-0: Ball
2-0: Ball
3-0: Called Strike
3-1: Foul Ball, location: 2F
3-2: Fielders Choice at 2nd, 4-6 (Groundball, 4, EV 88.1 MPH)
Batting: SHB Roberto Mosca 0-0: Ball
1-0: Called Strike
Scotty Glenn steals 2nd, throwing error, E2
Scotty Glenn to third
1-1: Called Strike
1-2: Foul Ball, location: 2F
1-2: Ball
2-2: Ground out 4-3 (Groundball, 34, EV 87.5 MPH)
Top of the 5th over - 0 runs, 1 hit, 1 error, 1 left on base; Tortolita 0 - Indianapolis 1
BOTTOM OF THE 5TH
Indianapolis Racers batting - Pitching for Tortolita Drummers : RHP Kabeya Kasongo
Batting: RHB Juan Laguna 0-0: Ball
1-0: Called Strike
1-1: Ball
2-1: Ball
3-1: Ground out 2-3 (Groundball, 2R, EV 68.1 MPH)
Batting: RHB Germán Gracía 0-0: Swinging Strike
0-1: Fly out, F9 (Line Drive, 9, EV 90.6 MPH)
Batting: RHB Javier Carretero 0-0: Foul Ball, location: 2F
0-1: Foul Ball, location: 2F
0-2: Foul Ball, location: 2F
0-2: Strikes out swinging
Bottom of the 5th over - 0 runs, 0 hits, 0 errors, 0 left on base; Tortolita 0 - Indianapolis 1
TOP OF THE 6TH
Tortolita Drummers batting - Pitching for Indianapolis Racers : RHP José Macías
Batting: LHB Preston Witt 0-0: Fly out, F4 (Line Drive, 4, EV 66.9 MPH)
Batting: RHB Armando Chamú 0-0: Called Strike
0-1: Foul Ball, location: 2F
0-2: Foul Ball, location: 2F
0-2: Fly out, F7 (Flyball, 78D, EV 80.6 MPH)
Batting: RHB Ken Moore 0-0: Swinging Strike
0-1: Called Strike
0-2: Ball
1-2: Ground out 6-3 (Groundball, 6, EV 100.6 MPH)
Top of the 6th over - 0 runs, 0 hits, 0 errors, 0 left on base; Tortolita 0 - Indianapolis 1
BOTTOM OF THE 6TH
Indianapolis Racers batting - Pitching for Tortolita Drummers : RHP Kabeya Kasongo
Pitching: RHP Briggs Bourgeois
Batting: SHB Esteban Piñeiro 0-0: Bunted foul
0-1: Foul Ball, location: 2F
0-2: Ball
1-2: Ball
2-2: Strikes out swinging
Batting: RHB Carlos Rojas 0-0: Ball
1-0: Fly out, F9 (Line Drive, 9, EV 84.4 MPH)
Batting: RHB Richard Trevithick 0-0: Foul Ball, location: 2F
0-1: Swinging Strike
0-2: Ball
1-2: Ball
2-2: Ball
3-2: Foul Ball, location: 2F
3-2: SINGLE (Groundball, 6D, EV 102.5 MPH)
Batting: LHB Lauren Hilfiker 0-0: Ball
1-0: Ball
2-0: Ball
3-0: Called Strike
3-1: Called Strike
3-2: Fly out, F9 (Flyball, 9S, EV 86.9 MPH)
Bottom of the 6th over - 0 runs, 1 hit, 0 errors, 1 left on base; Tortolita 0 - Indianapolis 1
TOP OF THE 7TH
Tortolita Drummers batting - Pitching for Indianapolis Racers : RHP José Macías
Batting: RHB Tomás Costello 0-0: Called Strike
0-1: Ball
1-1: Ground out 5-3 (Groundball, 56, EV 79.4 MPH)
Batting: RHB Tso-i Wang 0-0: Ball
1-0: Fly out, F2 (Popup, 3SF, EV 70.0 MPH)
Batting: RHB Qwuntrezz Knight 0-0: Called Strike
0-1: Ground out 5-3 (Groundball, 56S, EV 83.8 MPH)
Top of the 7th over - 0 runs, 0 hits, 0 errors, 0 left on base; Tortolita 0 - Indianapolis 1
BOTTOM OF THE 7TH
Indianapolis Racers batting - Pitching for Tortolita Drummers : RHP Briggs Bourgeois
Batting: RHB Spartak Gonjarov 0-0: Ball
1-0: Called Strike
1-1: Ball
2-1: Called Strike
2-2: Strikes out swinging
Batting: LHB Luis Aranda 0-0: Fly out, F6 (Popup, 6S, EV 65.6 MPH)
Batting: RHB Juan Laguna 0-0: Ball
1-0: SINGLE (Line Drive, 8RS, EV 89.4 MPH)
Batting: RHB Germán Gracía 0-0: Ball
1-0: Ball
2-0: Foul Ball, location: 2F
2-1: Ball
3-1: Swinging Strike
3-2: Strikes out swinging
Bottom of the 7th over - 0 runs, 1 hit, 0 errors, 1 left on base; Tortolita 0 - Indianapolis 1
TOP OF THE 8TH
Tortolita Drummers batting - Pitching for Indianapolis Racers : RHP José Macías
Batting: RHB Askari bin Idris 0-0: Called Strike
0-1: Ball
1-1: SINGLE (Groundball, 4MD, EV 101.9 MPH)
Batting: RHB Scotty Glenn 0-0: Ball
1-0: Foul Ball, location: 2F
1-1: Foul Ball, location: 2F
1-2: Fielders Choice at 2nd, 6-4 (Groundball, 6M, EV 92.5 MPH)
Pitching: RHP Mark Erwin
Batting: SHB Roberto Mosca 0-0: Foul Ball, location: 2F
0-1: Ball
1-1: Ball
2-1: Foul Ball, location: 2F
2-2: Ball
3-2: 2-RUN HOME RUN (Flyball, 89XD, EV 104.4 MPH), Distance : 389 ft
Batting: LHB Preston Witt 0-0: Foul Ball, location: 2F
0-1: Ball
1-1: Ball
2-1: DOUBLE (Groundball, 5L, EV 106.2 MPH)
Batting: RHB Armando Chamú 0-0: Fly out, F7 (Line Drive, 7, EV 91.9 MPH)
Batting: RHB Ken Moore 0-0: Ball
1-0: Ball
2-0: Foul Ball, location: 2F
2-1: Ball
3-1: Swinging Strike
3-2: Strikes out swinging, 2-3 out at first.
Top of the 8th over - 2 runs, 3 hits, 0 errors, 1 left on base; Tortolita 2 - Indianapolis 1
BOTTOM OF THE 8TH
Indianapolis Racers batting - Pitching for Tortolita Drummers : RHP Briggs Bourgeois
Batting: RHB Javier Carretero 0-0: Ball
1-0: Ground out 1-3 (Groundball, P, EV 78.8 MPH)
Batting: SHB Esteban Piñeiro 0-0: Called Strike
0-1: Called Strike
0-2: Fly out, F9 (Flyball, 9LM, EV 81.2 MPH)
Batting: RHB Carlos Rojas 0-0: Called Strike
0-1: Ball
1-1: Called Strike
1-2: Ball
2-2: Strikes out looking
Bottom of the 8th over - 0 runs, 0 hits, 0 errors, 0 left on base; Tortolita 2 - Indianapolis 1
TOP OF THE 9TH
Tortolita Drummers batting - Pitching for Indianapolis Racers : RHP Mark Erwin
Batting: RHB Tomás Costello 0-0: Ground out 1-3 (Groundball, 34S, EV 69.4 MPH)
Batting: RHB Tso-i Wang 0-0: Ball
1-0: Ball
2-0: Fly out, F8 (Flyball, 8RD, EV 83.8 MPH)
Batting: RHB Qwuntrezz Knight 0-0: Called Strike
0-1: Ball
1-1: Foul Ball, location: 2F
1-2: Ball
2-2: Foul Ball, location: 2F
2-2: Strikes out looking
Top of the 9th over - 0 runs, 0 hits, 0 errors, 0 left on base; Tortolita 2 - Indianapolis 1
BOTTOM OF THE 9TH
Indianapolis Racers batting - Pitching for Tortolita Drummers : RHP Briggs Bourgeois
Batting: RHB Richard Trevithick 0-0: Ball
1-0: Called Strike
1-1: Called Strike
1-2: Foul Ball, location: 2F
1-2: Strikes out swinging
Batting: LHB Lauren Hilfiker 0-0: Called Strike
0-1: Fly out, F9 (Line Drive, 9S, EV 91.9 MPH)
Batting: RHB Spartak Gonjarov 0-0: Called Strike
0-1: Ground out 6-3 (Groundball, 56, EV 90.0 MPH)
Bottom of the 9th over - 0 runs, 0 hits, 0 errors, 0 left on base; Tortolita 2 - Indianapolis 1
Thursday, January 23rd, 2020 - OOTP Baseball 20.8 Build 74